Map: Protocole central

Players

Worming

  • Race: Zerg Zerg
  • League: Diamond

Pisti - Winner!

  • Race: Zerg Zerg
  • League: Diamond

VOD

Have the link to the VOD?

Description

Time

  • Played on: Nov. 29, 2015, 5:03 a.m.
  • Length: 9:58
Show
View Real Time Build Order
Export as new Build Order

Worming Zerg 

Build Orders: Pool First 

Get SALT Encoding   

  12  0:00  Drone  
  13  0:08  Drone  
  14  0:20  Drone, Extractor x2  
  13  0:21  Drone  
  16  0:31  Extractor  
  15  0:37  Spawning Pool  
  14  0:44  Overlord  
  14  0:55  Overlord  
  14  0:59  Extractor  
  14  1:00  Drone  
  15  1:24  Zergling x6  
  15  1:25  Queen  
  20  1:34  Metabolic Boost  
  20  1:50  Spine Crawler  
  19  1:56  Overlord  
  19  2:01  Overlord  
  20  2:11  Spine Crawler  
  19  2:27  Zergling x6  
  22  2:43  Zergling x2  
  22  2:44  Spine Crawler  
  22  2:46  Hatchery  
  21  2:51  Zergling x6  
  24  3:15  Drone x4  
  26  3:32  Drone  
  26  3:33  Baneling Nest  
  25  3:53  Drone x4  
  25  4:05  Drone x2  
  27  4:20  Zergling x8  
  31  4:26  Baneling  
  31  4:29  Zergling x6  
  31  4:30  Queen  
  36  4:33  Baneling x2  
  36  4:41  Lair  
  36  4:43  Drone x3  
  39  4:56  Baneling x2  
  36  5:13  Drone x6  
  36  5:14  Drone x2  
  39  5:25  Roach Warren  
  38  5:29  Zergling x2  
  38  5:30  Zergling x2, Extractor x2  
  38  5:34  Queen  
  38  5:35  Spine Crawler  
  39  5:41  Drone  
  39  5:42  Drone  
  41  5:44  Drone  
  41  5:46  Drone x2  
  41  5:47  Drone  
  45  5:50  Baneling x2  
  45  5:52  Baneling x2  
  45  6:05  Glial Reconstitution  
  45  6:06  Drone x3  
  45  6:08  Drone  
  45  6:10  Drone  
  50  6:11  Extractor  
  50  6:13  Drone x2  
  50  6:14  Drone  
  50  6:15  Overlord  
  52  6:22  Overlord x2  
  52  6:34  Drone  
  52  6:35  Roach x3  
  59  6:47  Zergling x4  
  59  6:50  Roach x3  
  67  6:55  Roach x2  
  67  6:59  Roach x2  
  75  7:01  Overlord  
  75  7:07  Overlord  
  75  7:08  Overlord  
  73  7:37  Roach x9  
  91  7:51  Roach  
  91  7:53  Overlord  
  91  8:04  Overlord x2  
  91  8:05  Evolution Chamber x2  
  89  8:07  Roach  
  89  8:09  Zergling x2  
  92  8:18  Overseer  
  91  8:37  Hatchery  
  91  8:38  Queen x2, Hydralisk Den  
  93  8:43  Spore Crawler x2  
  93  8:45  Spore Crawler x2  
  93  8:46  Spore Crawler  
  83  8:50  Spore Crawler x2  
  65  9:01  Drone x10  
  55  9:19  Drone x3  
  42  9:31  Spore Crawler x2  
Show
View Real Time Build Order
Export as new Build Order

Pisti Zerg - Winner!

Build Orders: Hatch First 

Get SALT Encoding   

  12  0:02  Drone  
  13  0:12  Overlord  
  13  0:17  Drone  
  14  0:30  Drone  
  14  0:31  Drone  
  16  0:56  Hatchery  
  15  1:05  Spawning Pool  
  15  1:06  Drone  
  15  1:10  Drone  
  16  1:14  Drone  
  17  1:19  Drone  
  18  1:28  Drone  
  18  1:30  Extractor  
  18  1:38  Overlord  
  18  1:52  Zergling x2  
  18  1:53  Queen  
  18  1:54  Spine Crawler  
  20  2:01  Zergling x2  
  22  2:12  Zergling x2  
  23  2:37  Queen  
  23  2:39  Drone x2  
  27  3:02  Drone x2  
  29  3:08  Spine Crawler  
  27  3:13  Queen  
  27  3:14  Zergling x2  
  30  3:24  Baneling Nest  
  29  3:32  Overlord  
  29  3:33  Metabolic Boost  
  29  3:35  Drone  
  29  3:36  Overlord  
  30  3:51  Baneling Nest  
  30  4:05  Zergling x2  
  30  4:06  Zergling x4  
  33  4:14  Hatchery  
  32  4:17  Zergling x6  
  35  4:29  Zergling x2  
  36  4:37  Baneling, Extractor  
  35  4:38  Baneling x2  
  35  4:39  Baneling  
  35  4:42  Baneling  
  28  5:15  Drone x5  
  28  5:16  Lair  
  33  5:25  Baneling x2  
  33  5:28  Drone  
  33  5:29  Drone  
  35  5:36  Drone  
  35  5:39  Baneling  
  36  5:44  Drone x2  
  36  5:48  Drone  
  39  5:53  Overlord  
  39  5:55  Drone x2  
  41  5:57  Extractor  
  41  5:59  Drone, Extractor  
  40  6:06  Drone  
  40  6:07  Drone x2  
  40  6:11  Overlord  
  43  6:13  Drone  
  43  6:17  Spire  
  43  6:25  Drone x4  
  45  6:32  Baneling  
  47  6:37  Drone x4  
  51  6:42  Overlord  
  51  7:00  Zergling x18  
  59  7:20  Baneling  
  59  7:21  Baneling x4  
  57  7:33  Mutalisk x6  
  57  7:35  Overlord  
  57  7:36  Overlord  
  68  7:41  Overlord  
  68  7:46  Spine Crawler  
  68  7:47  Overlord  
  67  7:55  Mutalisk x3  
  73  8:30  Hatchery  
  73  8:31  Zergling x10  
  73  8:32  Zergling x8  
  72  8:59  Mutalisk  
  72  9:00  Mutalisk x6  
  77  9:03  Zergling x4  
  76  9:37  Zergling x16  
Tags
 
Add a new tag
Caveats
  • Supply blocks, unpowered buildings, or Contaminate may cause inaccurate times.
  • Supply counts are checked every 10 seconds.